 Dungeon Crawl Stone Soup version 0.30.0-29-ga12c61a403 (webtiles) character file.

Game seed: 11407638327178787566

100 cheesebisquit the Chopper (level 4, -1/41 HPs)
             Began as a Hill Orc Fighter on June 23, 2023.
             Slain by a goblin
             ... wielding a +0 club
             ... led by Robin
              (6 damage)
             ... on level 1 of the Dungeon.
             The game lasted 00:02:16 (776 turns).

cheesebisquit the Chopper (Hill Orc Fighter)         Turns: 776, Time: 00:02:16

Health: -1/41      AC:  8    Str: 20    XL:     4   Next: 73%
Magic:  4/4        EV:  9    Int:  8    God:
Gold:   52         SH:  9    Dex: 10    Spells: 3/3 levels left

rFire   . . .        a - +0 war axe
rCold   . . .        c - +0 buckler
rNeg    . . .        b - +0 scale mail
rPois   .            (no helmet)
rElec   .            (no cloak)
rCorr   .            h - +0 pair of gloves
SInv    .            (no boots)
Will    .....        g - amulet of reflection Stlth
                     (no ring)
HPRegen 0.26/turn    (no ring)
MPRegen 0.09/turn

%: reflection
@: hasted, very quick
A: no striking features
a: no special abilities


You were on level 1 of the Dungeon.
You visited 1 branch of the dungeon, and saw 2 of its levels.

You collected 52 gold pieces.

Inventory:

Hand Weapons
 a - a +0 war axe (weapon)
Armour
 b - a +0 scale mail (worn)
 c - a +0 buckler (worn)
 h - a +0 pair of gloves (worn)
Jewellery
 g - an amulet of reflection (around neck)
Scrolls
 j - 2 scrolls of identify {unknown}
 l - a scroll of brand weapon {unknown}
Potions
 e - a potion of attraction {unknown}
 f - a potion of heal wounds {unknown}
 i - 2 potions of curing {unknown}


   Skills:
 + Level 4.4 Fighting
 * Level 4.9 Axes
 + Level 4.1 Armour
 - Level 3.2 Shields


You had 3 spell levels left.
You didn't know any spells.
Your spell library was empty.

Dungeon Overview and Level Annotations

Branches:
Dungeon (2/15)

Altars:

Annotations:
D:2 Robin


Message History

The goblin closely misses you.
The goblin no longer looks unusually strong.
The hobgoblin no longer looks unusually strong.
The goblin hits you but does no damage. The goblin barely misses you.
You block the goblin's attack. The goblin hits you with a +0 dagger.
* * * LOW HITPOINT WARNING * * *
Robin roars a battlecry!
The goblins go into a battle-frenzy!
You block the goblin's attack. The goblin attacks as you move away!
The goblin hits you with a +0 dagger.
* * * LOW HITPOINT WARNING * * *
The goblin attacks as you move away! The goblin closely misses you.
You block the goblin's attack.
A gnoll comes into view. It is wielding a +0 club.
The gnoll shouts!
The hobgoblin no longer looks unusually strong.
The goblin no longer looks unusually strong. x2
The goblin hits you but does no damage. You block the goblin's attack.
The goblin attacks as you move away! You block the goblin's attack. x2
There is a stone staircase leading up here.
You feel yourself speed up.
You block the goblin's attack. x2; The kobold throws a stone.
The stone barely misses you. The goblin closely misses you.
The goblin hits you with a +0 club.
* * * LOW HITPOINT WARNING * * *
Robin throws the goblin at you! The goblin hits you but does no damage.
You climb upwards.
There is a stone staircase leading down here.
You feel yourself speed up. You block the goblin's attack. x2
The goblin barely misses you.
You closely miss the goblin. You barely miss the goblin. x2
You hit the goblin.
The goblin is heavily wounded.
You closely miss the goblin. You hit the goblin.
You kill the goblin!
The goblin barely misses you. The goblin closely misses you.
You closely miss the goblin. You slash the goblin!
You kill the goblin!
The goblin hits you with a +0 club.
You die...

#~≈.P≈≈~'..# #.....##......####
#≈P~≈~≈.##.###.#####..###..#...
#~~~~..~#....#.### #..#_#......
#P....~.#....#...###..#)#..##'#
#.#.PP.≈#..........#..'.#..#...
#.#P~~~.#..........#..#.#..#888
#<#≈~P~~+..........######.#####
#########..................(...
#....)@g....########...
#######...^)............#...
#.......................#...
#...........................
#............##.............
#.......###'###.......#.....
###.....##............#.....
#..........>.......#.#.....
####...####.......###.#.##....


You could see a goblin (strong).

Vanquished Creatures
  Natasha (twice) (D:2)
  2 dart slugs
  2 ball pythons (D:1)
  A bat (D:2)
  2 endoplasms
  A giant cockroach (D:1)
  7 goblins
  3 hobgoblins
  7 jackals
  3 quokkas
  A frilled lizard (D:1)
  5 kobolds
  5 rats
41 creatures vanquished.

Notes
Turn   | Place    | Note
-------+----------+-------------------------------------------
     0 | D:1      | cheesebisquit the Hill Orc Fighter began the quest for the
                  | Orb.
     0 | D:1      | Reached XP level 1. HP: 19/19 MP: 1/1
   157 | D:1      | Reached XP level 2. HP: 24/27 MP: 2/2
   525 | D:1      | Found a faded altar of an unknown god.
   557 | D:2      | Noticed Natasha
   563 | D:1      | Reached XP level 3. HP: 31/33 MP: 3/3
   667 | D:2      | Killed Natasha
   668 | D:2      | Reached XP level 4. HP: 14/40 MP: 4/4
   752 | D:2      | Noticed Natasha
   756 | D:2      | Noticed Robin
   758 | D:2      | Killed Natasha
   776 | D:1      | Slain by a goblin

Illustrated notes

Levels and vault maps discovered:
D:1:      lightli_arrival_flooded_house, layout_basic,
          shapermc_ecumenical_altar_mp_vishouse
D:2:      layout_rooms, serial_bayou_lagoon_a, minmay_misc_feat_x, uniq_natasha,
          uniq_robin, uniq_crazy_yiuf_cottage

Skill      XL: |  1  2  3  4 |
---------------+-------------+-----
Axes           | 3 4 |  4.9
Fighting       | 4 |  4.4
Armour         | 4 |  4.1
Shields        | |  3.2

Action                     |  1- 3 |  4- 6 || total
---------------------------+-------+-------++-------
  Melee: War axe           |    79 |    19 ||    98
    Use: Potion            |     1 |     1 ||     2
 Armour: Scale mail        |    41 |    18 ||    59
  Dodge: Dodged            |    35 |    21 ||    56
  Block: Buckler           |    41 |    26 ||    67
